 Dungeon Crawl Stone Soup version 0.29.1-12-g30fa7ad0bf (webtiles) character file.

Game seed: 9951571596594560583

2886 soggyman666 the Thaumaturge (level 10, 0/60 HPs)
             Began as a Djinni Fire Elementalist on Dec 24, 2022.
             Was an Initiate of Ashenzari.
             Shot with an arrow by a centaur (3 damage)
             ... on level 7 of the Dungeon on Dec 25, 2022.
             The game lasted 00:20:15 (10286 turns).

soggyman666 the Thaumaturge (DjFE)                 Turns: 10286, Time: 00:20:16

Health: 0/60       AC: 11    Str:  7    XL:     10   Next: 5%
Gold:   206        EV: 12    Int: 22    God:    Ashenzari [......] SH:  0 Dex: 13

rFire   + + .      SeeInvis .   n - staff of death
rCold   x . .      Faith    .   (no shield)
rNeg    + . .      Spirit   .   u - +0 steam dragon scales
rPois   ∞          Reflect  .   e - +0 helmet
rElec   .          Harm     .   (no cloak)
rCorr   .          Rampage  .   r - +0 pair of gloves
Will    +....                   (boots unavailable)
Stlth   ++........              (no amulet)
HPRegen 0.20/turn               p - +4 ring of protection
MPRegen 0.00/turn               (no ring)

@: flying
A: sickness immunity, fire resistance 2, cold vulnerability 1, float, innate
caster, HP casting, extra vitality 1
a: Renounce Religion


You were on level 7 of the Dungeon.
You worshipped Ashenzari.
Ashenzari was noncommittal.
You visited 2 branches of the dungeon, and saw 8 of its levels.

You collected 272 gold pieces.
You spent 66 gold pieces at shops.

Inventory:

Armour
 e - a +0 helmet (worn)
 g - a +0 pair of gloves
 r - a +0 pair of gloves (worn)
 u - +0 steam dragon scales (worn)
Magical Staves
 n - a staff of death (weapon)
Jewellery
 p - a +4 ring of protection (left hand)
Scrolls
 b - 2 scrolls of enchant weapon
 c - a scroll of blinking {unknown}
 d - 2 scrolls of fog
 f - a scroll of poison {unknown}
 i - 3 scrolls of immolation
 j - 2 scrolls of magic mapping
 l - 3 scrolls of teleportation
 t - a scroll of acquirement {unknown}
Potions
 h - 2 potions of heal wounds {unknown}
 k - a potion of flight {unknown}
 m - a potion of resistance {unknown}
 o - 2 potions of brilliance {unknown}
 q - a potion of haste {unknown}
 s - a potion of lignification {unknown}


   Skills:
 + Level 2.9 Dodging
 + Level 3.3 Stealth
 + Level 10.1 Spellcasting


You had 6 spell levels left.
You knew the following spells:

 Your Spells              Type           Power      Damage    Failure   Level
a - Foxfire               Conj/Fire      100%       2x1d9     1%          1
b - Scorch                Fire           100%       2d10      1%          2
c - Conjure Flame         Conj/Fire      53%        6-21      1%          3
d - Inner Flame           Hex/Fire       53%        N/A       1%          3
e - Flame Wave            Conj/Fire      53%        2d13      1%          4
f - Beastly Appendage     Tmut           100%       N/A       1%          1
g - Ensorcelled Hibernat  Hex/Ice        100%       N/A       1%          2
h - Teleport Other        Tloc           53%        N/A       1%          3
i - Petrify               Tmut/Erth      53%        N/A       1%          4
Your spell library was empty.

Dungeon Overview and Level Annotations

Branches:
Dungeon (7/15)             Temple (1/1) D:7

Altars:
Ashenzari
Cheibriados
Dithmenos
Elyvilon
Fedhas
Gozag
Hepliaklqana
Makhleb
Nemelex Xobeh
Okawaru
Qazlal
Ru
Trog
Uskayaw
Xom
Yredelemnul
Zin
The Shining One

Shops:
D:6 ?   D:7 *

Annotations:
D:3 1 runed translucent door


Innate Abilities, Weirdness & Mutations

You are immune to sickness and miasma.
You are immune to poison.
Your flesh is very heat resistant. (rF++)
You are vulnerable to cold. (rC-)
You float through the air rather than walking.
You learn spells naturally, not from books.
Your magical power is your life essence.
You have superior vitality. (+4 MHP)


Message History

Confirm with . or Enter, or press ? or * to list all spells.
Flames lash the wyvern.
The wyvern is burned terribly!
The wyvern explodes!
The fiery explosion engulfs the orc wizard!!
You kill the orc wizard!
The fiery explosion engulfs you. You resist.
You are engulfed in blazing flames.
You resist.
The centaur wields a +0 shortbow.
The centaur shoots an arrow.
The arrow hits you but does no damage.
The centaur shoots an arrow.
The arrow hits you.
You hear a shout!
Your Spellcasting skill increases to level 10!
You have reached level 10!
The centaur shoots an arrow.
The arrow barely misses you.
The centaur shoots an arrow.
The arrow misses you.
The centaur shoots an arrow.
The arrow barely misses you.
The centaur shoots an arrow.
The arrow barely misses you.
Casting: Scorch (safe; 1% risk of failure)
Confirm with . or Enter, or press ? or * to list all spells.
Aiming: Ensorcelled Hibernation (safe; 1% risk of failure)
Press: ? - help, Shift-Dir - straight line, f - centaur
Aim: a centaur, wielding a +0 shortbow (chance to affect: 71%)
The centaur looks drowsy...
Casting: Ensorcelled Hibernation (safe; 1% risk of failure)
Confirm with . or Enter, or press ? or * to list all spells.
Aiming: Inner Flame (safe; 1% risk of failure)
Press: ? - help, Dir - move target, f/p - centaur
Aim: a centaur, wielding a +0 shortbow (asleep, chance to affect: 94%)
The centaur is filled with an inner flame.
* * * LOW HITPOINT WARNING * * *
The centaur shoots an arrow.
The arrow hits you!
* * * LOW HITPOINT WARNING * * *
The centaur shoots an arrow.
The arrow closely misses you.
The centaur shoots an arrow.
The arrow barely misses you.
Casting: Inner Flame (safe; 1% risk of failure)
Confirm with . or Enter, or press ? or * to list all spells.
The fire begins to smoulder!
* * * LOW HITPOINT WARNING * * *
The centaur shoots an arrow.
The arrow hits you.
You die...

#..## #.# ##..## #.# ##..# #c#
###'## #.# ###### #....# #.#
##....# #....# #.# ##.....#
#...># # #.# ##....#..
##....######.# #.# ###....###.
.......).....# #@# #.....#'#'#
#####.....#### #.# #.#..###.##
.########.### #.# #.#.###._.#
.......##...# #.## #.#..###.##
.......####.####..#####.##..#####
.....).).....................###.
.......#######.###.#########..#..
......!# #......#### ##...#
.......# #####.....##########


You could see a centaur (inner flame).

Vanquished Creatures
  Maggie (D:7)
  Sigmund (D:4)
  2 yaks (D:6)
  Eustachio (D:5)
  A wyvern (D:7)
  A steam dragon (D:7)
  2 water moccasins
  Duvessa (D:6)
  An ice beast (D:7)
  An ogre (D:4)
  A centaur (D:5)
  2 phantoms
  2 bullfrogs
  3 necrophages
  A scorpion (D:5)
  Dowan (D:6)
  2 hounds (D:5)
  2 jellies
  2 orc priests (D:5)
  Crazy Yiuf (D:7)
  7 orc wizards
  8 adders
  6 gnolls
  2 white imps
  A worm (D:3)
  A dart slug (D:3)
  14 orcs
  8 ball pythons
  7 endoplasms
  3 giant cockroaches
  9 goblins
  8 hobgoblins
  11 kobolds
  4 quokkas
  4 bats
  2 frilled lizards
  A jackal skeleton (D:3)
  3 rats
128 creatures vanquished.

Vanquished Creatures (collateral kills)
  An orc (D:5)
  2 foxfires (D:6)
3 creatures vanquished.

Vanquished Creatures (others)
  5 dream sheep (D:5)
  A human (D:3)
  An orc (D:5)
  446 foxfires
453 creatures vanquished.

Grand Total: 584 creatures vanquished

Notes
Turn   | Place    | Note
-------+----------+-------------------------------------------
     0 | D:1      | soggyman666 the Djinni Fire Elementalist began the quest
                  | for the Orb.
     0 | D:1      | soggyman666 set off with the following spells memorised:
                  | Foxfire, Scorch, Conjure Flame, Inner Flame, Flame Wave.
     0 | D:1      | Reached XP level 1. HP: 15/15 MP: 0/0
   276 | D:1      | Reached XP level 2. HP: 19/21 MP: 0/0
   871 | D:1      | Found a faded altar of an unknown god.
   940 | D:1      | Reached skill level 3 in Spellcasting
   940 | D:1      | Reached XP level 3. HP: 20/25 MP: 0/0
   940 | D:1      | Learned a level 1 spell: Beastly Appendage
  1744 | D:1      | Reached XP level 4. HP: 28/31 MP: 0/0
  2155 | D:2      | Found a burning altar of Makhleb.
  2773 | D:2      | Reached XP level 5. HP: 23/35 MP: 0/0
  2773 | D:2      | Learned a level 2 spell: Ensorcelled Hibernation
  3308 | D:3      | Reached skill level 4 in Spellcasting
  3401 | D:3      | Found a hazy altar of Hepliaklqana.
  3637 | D:3      | Identified the +2 robe "Earthly Heaven" {rF+ rCorr Int-2}
  3997 | D:3      | Found a runed translucent door.
  3997 | D:3      | Noticed a human
  4008 | D:3      | Found a basalt altar of Yredelemnul.
  4220 | D:3      | Noticed a human
  4221 | D:3      | Killed a human
  4493 | D:3      | Reached XP level 6. HP: 23/40 MP: 0/0
  4743 | D:3      | Found a snail-covered altar of Cheibriados.
  4789 | D:4      | Noticed Sigmund
  4795 | D:4      | Killed Sigmund
  4796 | D:4      | Reached skill level 5 in Spellcasting
  4912 | D:4      | Noticed an ogre
  4916 | D:4      | Killed an ogre
  4917 | D:4      | Reached XP level 7. HP: 37/45 MP: 0/0
  4917 | D:4      | Learned a level 3 spell: Teleport Other
  5135 | D:4      | Reached skill level 6 in Spellcasting
  5412 | D:4      | Found an iron altar of Okawaru.
  6505 | D:5      | Entered Level 5 of the Dungeon
  6676 | D:5      | Reached XP level 8. HP: 19/50 MP: 0/0
  6996 | D:5      | Noticed Eustachio
  7001 | D:5      | Killed Eustachio
  7165 | D:5      | Found an opulent altar of Gozag.
  7170 | D:5      | Found an opulent altar of Gozag.
  7170 | D:5      | Found an opulent altar of Gozag.
  7176 | D:5      | Found an opulent altar of Gozag.
  7180 | D:5      | Reached skill level 7 in Spellcasting
  7246 | D:5      | Noticed a dream sheep
  7246 | D:5      | Noticed a dream sheep
  7246 | D:5      | Noticed a dream sheep
  7246 | D:5      | Noticed a dream sheep
  7246 | D:5      | Noticed a dream sheep
  7246 | D:5      | Found a shimmering altar of Xom.
  7250 | D:5      | Killed a dream sheep
  7250 | D:5      | Killed a dream sheep
  7250 | D:5      | Killed a dream sheep
  7250 | D:5      | Killed a dream sheep
  7252 | D:5      | Killed a dream sheep
  8077 | D:6      | Noticed a yak
  8081 | D:6      | Noticed a yak
  8082 | D:6      | Killed a yak
  8083 | D:6      | Reached skill level 8 in Spellcasting
  8083 | D:6      | Reached XP level 9. HP: 47/55 MP: 0/0
  8083 | D:6      | Learned a level 4 spell: Petrify
  8520 | D:6      | Found a stormy altar of Qazlal.
  8522 | D:6      | Found a blossoming altar of Fedhas.
  8592 | D:6      | Found a glowing golden altar of the Shining One.
  8955 | D:6      | Noticed Duvessa
  8955 | D:6      | Noticed Dowan
  8965 | D:6      | Killed Duvessa
  8975 | D:6      | Killed Dowan
  8976 | D:6      | Reached skill level 9 in Spellcasting
  9319 | D:6      | Found Heudde's Magic Scroll Shoppe.
  9383 | D:6      | Bought a scroll of identify for 22 gold pieces
  9383 | D:6      | Bought a scroll of identify for 22 gold pieces
  9383 | D:6      | Bought a scroll of identify for 22 gold pieces
  9436 | D:7      | Found a runed translucent door.
  9437 | D:7      | Noticed Crazy Yiuf
  9443 | D:7      | Killed Crazy Yiuf
  9522 | D:7      | Found a staircase to the Ecumenical Temple.
  9533 | Temple   | Entered the Ecumenical Temple
  9603 | D:7      | Noticed Maggie
  9616 | D:7      | Killed Maggie
  9822 | D:7      | Found a broken altar of Ashenzari.
  9843 | D:7      | Became a worshipper of Ashenzari the Shackled
  9915 | D:7      | Found Hebaopt's Mayhem Merchandise.
  9990 | D:7      | Found a sacrificial altar of Ru.
 10192 | D:7      | Found a sparkling altar of Nemelex Xobeh.
 10270 | D:7      | Reached skill level 10 in Spellcasting
 10270 | D:7      | Reached XP level 10. HP: 21/60 MP: 0/0
 10286 | D:7      | Shot with an arrow by a centaur

Illustrated notes

Levels and vault maps discovered:
D:1:      dpeg_arrival_leaves_temple_mockup, layout_basic,
          nicolae_ecumenical_lake_church, nicolae_grassy_gnolls
D:2:      layout_loops_corners, serial_glass, glass_columns_a, glass_columns_b,
          glass_columns_b, glass_columns_b, basic_altar, roderic_lattice_a,
          grunt_decor_junction
D:3:      layout_loops_cross, lemuel_tele_altar, tgw_kikubaaqudgha,
          dk_yredelemnul_ordeal, mainiacjoe_overflow_alcove_4
D:4:      layout_gridville, led_sif_book, okawaru_altar_gauntlet_db,
          minmay_liquid_box, uniq_sigmund
D:5:      layout_basic, kb_xom_exploding_sheep,
          nicolae_gozag_conspicuous_consumption, uniq_eustachio
D:6:      layout_basic, grunt_temple_overflow_forces_of_nature,
          nicolae_tso_swordbearing_angel, serial_shops, kennysheep_little_box,
          feat_on_display, uniq_duvessa
D:7:      layout_basic, ashenzari_altar_1, nemelex_diamond_rough_becter,
          hangedman_ru_absence, minmay_temple_entry_hall, minmay_shop_mayhem,
          uniq_maggie, uniq_crazy_yiuf_cottage, uniq_menkaure
Temple:   hellmonk_temple_two_chambers

Skill      XL: |  1  2  3  4  5  6  7  8  9 |
---------------+----------------------------+-----
Spellcasting   | 3 4 5 6 8 10 | 10.1
Stealth        | 2 3 |  3.3
Dodging        | |  2.9

Action                   |  1- 3 |  4- 6 |  7- 9 | 10-12 || total
-------------------------+-------+-------+-------+-------++-------
 Cast: Foxfire           |    75 |    89 |   116 |       ||   280
       Scorch            |     7 |    20 |    55 |       ||    82
       Inner Flame       |       |     8 |    23 |     1 ||    32
       Ensorcelled Hiber |       |     4 |       |     1 ||     5
       Conjure Flame     |       |       |     3 |     1 ||     4
       Petrify           |       |       |    11 |       ||    11
       Beastly Appendage |       |       |     1 |       ||     1
  Use: Scroll            |       |     2 |    10 |       ||    12
Armor: Robe              |       |     3 |     4 |       ||     7
       Steam dragon scal |       |       |     2 |       ||     2
Dodge: Dodged            |       |     1 |     9 |     6 ||    16
